 Dungeon Crawl Stone Soup version bcrawl-1.38.3 (webtiles) character file.

Game seed: 3198112757118002156

172473 SludgeElvesOrGTFO the Frost Mage (level 7, -3/46 HPs)
             Began as a High Elf Ice Elementalist on June 13, 2023.
             Slain by a hippogriff (6 damage)
             ... on level 5 of the Dungeon.
             The game lasted 00:16:49 (6164 turns).

SludgeElvesOrGTFO the Frost Mage (HEIE)             Turns: 6164, Time: 00:16:50

Health: -3/46      AC:  3    Str:  7    XL:     7   Next: 89%
Magic:  4/15       EV: 12    Int: 22    God:
Gold:   126        SH:  0    Dex: 15    Spells: 1/15 levels left

rFire    . . .     GDR:     27% u - +2 mace (protect)
rCold    + + .     SeeInvis .   (no shield)
rNeg     . . .     Gourm    .   b - +0 robe {MR+}
rPois    .         Faith    .   (no helmet)
rElec    .         Spirit   .   r - +0 cloak
rCorr    .         Reflect  .   (no gloves)
MR       +....                  (no boots)
Stlth    ++........             (no amulet)
HPRegen  0.17/turn              c - ring of protection from cold
MPRegen  0.14/turn              s - ring of protection from cold

@: no status effects
A: obsessive focus, MP-powered wands
a: no special abilities


You were on level 5 of the Dungeon.
You were hungry.

You visited 1 branch of the dungeon, and saw 5 of its levels.

You collected 340 gold pieces.
You spent 214 gold pieces at shops.

Inventory:

Hand Weapons
 d - a +0 dagger of speed
   (You found it on level 1 of the Dungeon)
 u - a +2 mace of protection (weapon)
   (You took it off an orc on level 3 of the Dungeon)
Missiles
 h - a throwing net {=f}
 k - 135 poisoned needles
 v - 38 tomahawks of dispersal {=f}
 z - 134 poisoned tomahawks (quivered)
Armour
 b - a +0 robe of magic resistance (worn)
   (You took it off an orc wizard on level 3 of the Dungeon)
 r - a +0 cloak (worn)
   (You took it off Crazy Yiuf on level 4 of the Dungeon)
Jewellery
 c - a ring of protection from cold (left hand)
   (You found it on level 1 of the Dungeon)
 s - a ring of protection from cold (right hand)
   (You found it on level 3 of the Dungeon)
 x - an uncursed amulet of rage
   (You took it off an orc priest on level 3 of the Dungeon)
 D - an uncursed amulet of faith {unknown}
   (You found it on level 4 of the Dungeon)
Wands
 q - a wand of acid (1)
   (You found it on level 2 of the Dungeon)
 y - a wand of disintegration (11)
   (You took it off an orc priest on level 3 of the Dungeon)
Scrolls
 f - 2 scrolls of fog {unknown}
 m - a scroll of magic mapping {unknown}
 o - a scroll of enchant armour {unknown}
 p - 5 scrolls of remove curse
 t - 8 scrolls of teleportation
 B - a scroll of immolation {unknown}
Potions
 a - 2 potions of magic
 g - a potion of lignification
 i - a potion of flight
 j - a potion of berserk rage {unknown}
 l - 2 potions of curing
 n - 2 potions of ambrosia
 w - a potion of heal wounds
 A - 2 potions of cancellation
 C - a potion of mutation {unknown}
Comestibles
 e - 9 rations {!d}


   Skills:
 - Level 2.1 Dodging
 - Level 3.0 Stealth
 + Level 4.7 Spellcasting
 - Level 4.0 Conjurations
 - Level 8.0 Ice Magic
 - Level 3.0 Evocations


You had one spell level left.
You knew the following spells:

 Your Spells              Type           Power        Failure   Level  Hunger
a - Freeze                Ice            #####.       1%          1    None
b - Throw Frost           Conj/Ice       ####..       1%          2    None
c - Ozocubu's Armour      Chrm/Ice       ###.....     6%          3    ###....
d - Throw Icicle          Conj/Ice       ####....     9%          4    #####..
e - Summon Ice Beast      Ice/Summ       ###.....     21%         4    #####..

Your spell library contained the following spells:

 Spells                   Type           Power        Failure   Level  Hunger
 Magic Dart               Conj           ###.         1%          1    None
 Conjure Flame            Conj/Fire      ##......     14%         3    ###....
 Blink                    Tloc           N/A          16%         2    None
 Call Imp                 Summ           #.....       16%         2    None
 Mephitic Cloud           Conj/Pois/Air  ##......     19%         3    ###....
 Ice Form                 Ice/Tmut       ###.....     21%         4    #####..
 Spider Form              Tmut/Pois      #..          30%         3    ###....


Dungeon Overview and Level Annotations

Branches:
Dungeon (5/12)
 Temple: D:4-7

Altars:
Lugonu
Ru

Shops:
D:4 *


Innate Abilities, Weirdness & Mutations

You can't train low skills.
You expend magic power (3 MP) to strengthen your wands.


Message History

Confirm with . or Enter, or press ? or * to list all spells.
A chill wind blows around you.
You swap places.
Something hits your ice beast but does no damage.
Something misses your ice beast.
Something hits your ice beast but does no damage.
Something misses your ice beast. Something barely misses your ice beast.
Something hits your ice beast. Something shocks your ice beast.
You are feeling hungry.
Your ice beast closely misses something.
Your ice beast disappears in a puff of smoke!
You miss something. Something hits you. Something shocks you.
You hit something.
Your weapon exudes an aura of protection.
Something hits you but does no damage. Something barely misses you.
Casting: Summon Ice Beast (slightly dangerous; 22% risk of failure)
Confirm with . or Enter, or press ? or * to list all spells.
You can't see any susceptible monsters within range! (Use Z to cast anyway.) Unknown command.
Casting: Summon Ice Beast (slightly dangerous; 22% risk of failure)
Confirm with . or Enter, or press ? or * to list all spells.
You can't see any susceptible monsters within range! (Use Z to cast anyway.) Unknown command.
Things that are here:
a +0 leather armour; a +0 rapier A sky beast appears from thin air!
Reactivating autopickup.
Casting: Summon Ice Beast (slightly dangerous; 22% risk of failure)
Confirm with . or Enter, or press ? or * to list all spells.
Aiming: Throw Frost (safe; 1% risk of failure)
Press: ? - help, Shift-Dir - straight line, f/p - sky beast
Aim: a sky beast (severely wounded)
The puff of frost hits the sky beast.
The sky beast is almost dead.
The sky beast hits you but does no damage.
Casting: Throw Frost (safe; 1% risk of failure)
Confirm with . or Enter, or press ? or * to list all spells.
Aiming: Throw Frost (safe; 1% risk of failure)
Press: ? - help, Shift-Dir - straight line, f/p - sky beast
Aim: a sky beast (almost dead)
The puff of frost hits the sky beast.
You kill the sky beast!
You start resting.
HP restored.
Magic restored.
You see here a sky beast corpse.
You see here 145 bolts.
You see here 131 stones.
A hippogriff comes into view.
You have encountered a dangerous foe!
The hippogriff screeches!
You hear a shout!
A gnoll comes into view. It is wielding a +0 whip.
The hippogriff moves out of view.
Casting: Throw Frost (safe; 1% risk of failure)
Confirm with . or Enter, or press ? or * to list all spells.
You can't see any susceptible monsters within range! (Use Z to cast anyway.) Unknown command.
Casting: Throw Frost (safe; 1% risk of failure)
Confirm with . or Enter, or press ? or * to list all spells.
Aiming: Throw Icicle (safe; 9% risk of failure)
Press: ? - help, Shift-Dir - straight line, f - hippogriff
Aim: a hippogriff The shard of ice hits the hippogriff!
The hippogriff is moderately wounded.
The hippogriff flaps its wings!
You hurl suddenly forward!
The hippogriff closely misses you. The hippogriff pecks you.
The hippogriff claws you but does no damage.
Throwing (i - inventory. (/) - cycle)
z - 135 poisoned tomahawks (quivered)
Press: ? - help, Shift-Dir - straight line, f/p - hippogriff
Aim: a hippogriff (moderately wounded)
You throw a poisoned tomahawk.
The poisoned tomahawk barely misses the hippogriff.
The hippogriff misses you. The hippogriff pecks you. The hippogriff claws you.
The gnoll hits you with a +0 whip!
Casting: Throw Icicle (safe; 9% risk of failure)
Confirm with . or Enter, or press ? or * to list all spells.
Aiming: Throw Icicle (safe; 9% risk of failure)
Press: ? - help, Shift-Dir - straight line, f/p - hippogriff
Aim: a hippogriff (moderately wounded)
The shard of ice hits the hippogriff!
The hippogriff is severely wounded.
The hippogriff bites you! The hippogriff pecks you. The hippogriff claws you.
* * * LOW HITPOINT WARNING * * *
Evoke which item? (* to show all) (? for menu, Esc to quit)
Aiming: Corrosive Bolt
Press: ? - help, Shift-Dir - straight line, f - gnoll, p - hippogriff
Aim: a gnoll, wielding a +0 whip You feel a surge of power!
The bolt of acid misses the hippogriff.
The bolt of acid hits the gnoll!!
The gnoll is splashed with acid.
The acid corrodes the gnoll!
You kill the gnoll!
You hear a shout!
The hippogriff bites you.
* * * LOW HITPOINT WARNING * * *
The hippogriff pecks you.
* * * LOW HITPOINT WARNING * * *
The hippogriff claws you.
You die...

........................
#####..#.#.###.........
##.#.....#.........
#.###.#.#.........
#...#.#........... ###
#.###.###.........
.....#......)...#..###.
...g....H..##H...##...#.#
##
.###..##...#@.#.###...#.#
.. ##.#....#.##.# #.#...#
#. ##.....#.##.# #.##..#
#.
#######.##.###.#...####.
######..##............#.
#....(.####...........#.
#................)....#.
#..#########...)..[.....
#...###...............##


You could see a hippogriff.

Vanquished Creatures
  Eustachio (D:5)
  An orc warrior (D:4)
  A sky beast (D:5)
  A centaur (D:5)
  A howler monkey (D:4)
  2 orc priests (D:3)
  A hound (D:4)
  Crazy Yiuf (D:4)
  4 orc wizards
  A worker ant (D:5)
  A hound zombie (D:5)
  A hound skeleton (D:4)
  A worker ant zombie (D:4)
  5 gnolls
  9 adders
  A worm (D:2)
  2 dart slugs (D:3)
  A leopard gecko (D:4)
  20 orcs
  2 giant cockroaches
  5 goblins
  6 hobgoblins
  13 kobolds
  5 quokkas
  A ball python (D:3)
  5 bats
  4 frilled lizards
  5 rats
101 creatures vanquished.

Vanquished Creatures (others)
  2 fungi (D:4)
2 creatures vanquished.

Grand Total: 103 creatures vanquished

Notes
Turn   | Place    | Note
-------+----------+-------------------------------------------
     0 | D:1      | SludgeElvesOrGTFO the High Elf Ice Elementalist began the
                  | quest for the Orb.
     0 | D:1      | Reached XP level 1. HP: 13/13 MP: 4/4
   151 | D:1      | Reached skill level 1 in Evocations
   311 | D:1      | Reached XP level 2. HP: 19/19 MP: 4/6
   314 | D:1      | Learned a level 2 spell: Throw Frost
   860 | D:2      | Reached skill level 2 in Conjurations
   860 | D:2      | Reached skill level 4 in Ice Magic
   990 | D:2      | Reached XP level 3. HP: 24/24 MP: 5/7
  1187 | D:2      | Reached skill level 2 in Evocations
  1193 | D:2      | Learned a level 3 spell: Ozocubu's Armour
  1449 | D:2      | Found a corrupted altar of Lugonu.
  2423 | D:3      | Reached XP level 4. HP: 30/30 MP: 1/8
  2498 | D:3      | Reached skill level 3 in Conjurations
  2710 | D:3      | Reached skill level 3 in Spellcasting
  2716 | D:3      | HP: 1/30 [orc wizard/magic dart (9)]
  2718 | D:3      | Reached XP level 5. HP: 1/35 MP: 0/10
  3193 | D:3      | Reached skill level 5 in Ice Magic
  3600 | D:3      | Reached skill level 6 in Ice Magic
  3703 | D:3      | Reached XP level 6. HP: 41/41 MP: 2/11
  3845 | D:3      | Reached skill level 3 in Stealth
  3850 | D:3      | Learned a level 4 spell: Throw Icicle
  4052 | D:3      | Found a sacrificial altar of Ru.
  4286 | D:4      | Found Juoxej's General Store.
  4297 | D:4      | Reached skill level 3 in Evocations
  4449 | D:4      | Bought a potion of ambrosia for 52 gold pieces
  4449 | D:4      | Bought a potion of heal wounds for 65 gold pieces
  4449 | D:4      | Bought a scroll of remove curse for 39 gold pieces
  4449 | D:4      | Bought a potion of curing for 32 gold pieces
  4449 | D:4      | Bought a scroll of identify for 26 gold pieces
  4700 | D:4      | Reached skill level 4 in Spellcasting
  4913 | D:4      | Noticed an orc warrior
  4928 | D:4      | Killed an orc warrior
  4929 | D:4      | Reached XP level 7. HP: 26/46 MP: 14/14
  5008 | D:4      | Found a runed door.
  5438 | D:4      | Noticed Crazy Yiuf
  5458 | D:4      | Killed Crazy Yiuf
  5459 | D:4      | Reached skill level 7 in Ice Magic
  5548 | D:5      | Entered Level 5 of the Dungeon
  5548 | D:5      | Noticed Eustachio
  5632 | D:5      | Killed Eustachio
  5633 | D:5      | Reached skill level 4 in Conjurations
  5638 | D:5      | Learned a level 4 spell: Summon Ice Beast
  5970 | D:5      | Reached skill level 8 in Ice Magic
  6148 | D:5      | Noticed a hippogriff
  6164 | D:5      | HP: 6/46 [hippogriff (6)]
  6164 | D:5      | Slain by a hippogriff

Skill      XL: |  1  2  3  4  5  6  7 |
---------------+----------------------+-----
Evocations     | 1 2 3 |  3.0
Conjurations   | 2 3 4 |  4.0
Ice Magic      | 4 6 8 |  8.0
Spellcasting   | 3 4 |  4.7
Stealth        | 3 |  3.0
Dodging        | |  2.1

Action                   |  1- 3 |  4- 6 |  7- 9 || total
-------------------------+-------+-------+-------++-------
Melee: Unarmed           |    17 |       |       ||    17
       Falchion          |    15 |    17 |       ||    32
       Mace              |       |    20 |     3 ||    23
Throw: Tomahawk          |       |    13 |     1 ||    14
 Cast: Freeze            |    58 |    50 |     8 ||   116
       Throw Frost       |     8 |    55 |     2 ||    65
       Throw Icicle      |       |     2 |    22 ||    24
       Ozocubu's Armour  |       |       |     2 ||     2
       Summon Ice Beast  |       |       |     1 ||     1
Evoke: Wand              |       |     2 |     1 ||     3
  Use: Scroll            |     1 |     3 |     1 ||     5
  Eat: Chunk             |     6 |    14 |     7 ||    27
       Ration            |       |       |     1 ||     1
Armor: Robe              |    23 |    16 |    16 ||    55
Dodge: Dodged            |    62 |    51 |    24 ||   137

Levels and vault maps discovered:
D:1:      minmay_arrival_checkered_box, layout_loops_ring
D:2:      layout_basic, old_standard_altar, kennysheep_cross_bottleneck,
          minmay_pentomino_t4
D:3:      layout_loops_ring, nicolae_ru_path_of_blood
D:4:      layout_loops_ring, serial_shops, shop_coins, uniq_crazy_yiuf_cottage
D:5:      layout_rooms, marbit_many_paths, temple_hall, serial_shops, shop,
          kennysheep_little_box, shop, shop, kennysheep_mini, first_ration,
          grunt_ministairs_14, minmay_misc_feat_roman, uniq_eustachio

Table legend:
 A = Turns spent in this place as a percentage of turns spent in the entire game.
 B = Non-inter-level travel turns spent in this place as a percentage of non-inter-level travel turns spent in the entire game.
 C = Inter-level travel turns spent in this place as a percentage of turns spent in this place.
 D = Turns resting spent in this place as a percentage of non-inter-level travel turns spent in this place.
 E = Turns spent auto-exploring this place as a percentage of non-inter-level travel turns spent in this place.
 F = Non-inter-level travel turns spent in this place divided by the number of levels of this place that you've seen.
                   A       B       C       D       E      F
               +-------+-------+-------+-------+-------+----------------------
         Total | 100.0 | 100.0 |   8.3 |  12.4 |  68.6 | 1130.8
       Dungeon | 100.0 | 100.0 |   8.3 |  12.4 |  68.6 | 1130.8
               +-------+-------+-------+-------+-------+----------------------

Table legend:
 A = Kills in this place as a percentage of kills in entire the game.
 B = Kills by you in this place as a percentage of kills by you in the entire game.
 C = Kills by friends in this place as a percentage of kills by friends in the entire game.
 D = Other kills in this place as a percentage of other kills in the entire game.
 E = Experience gained in this place as a percentage of experience gained in the entire game.
 F = Experience gained in this place divided by the number of levels of this place that you have seen.
                   A       B       C       D       E      F
               +-------+-------+-------+-------+-------+----------------------
         Total | 100.0 | 100.0 |   N/A |   N/A | 100.0 | 274.0
       Dungeon | 100.0 | 100.0 |   N/A |   N/A | 100.0 | 274.0
               +-------+-------+-------+-------+-------+----------------------
